 Dungeon Sprint DCSS version 0.24.0-1-gfbc8707 (webtiles) character file.

Game seed: 11880996051193047349, levelgen mode: deterministic

9380 Fang the Warrior (level 11, -1/81 HPs)
             Began as a Gargoyle Berserker on Nov 4, 2019.
             Was the Champion of Trog.
             Slain by a vampire knight
             ... wielding a +0 great sword
              (26 damage)
             ... in the Dungeon (Sprint VII: "The Pits").
             The game lasted 00:03:40 (2021 turns).

Fang the Warrior (Gargoyle Berserker)               Turns: 2021, Time: 00:03:41

Health: -1/81      AC: 25    Str: 24    XL:     11   Next: 45%
Magic:  11/11      EV: 13    Int:  8    God:    Trog [******]
Gold:   42         SH:  0    Dex:  9    Spells: 10/10 levels left

rFire    + . .     SeeInvis .   n - +5 war axe (flame)
rCold    . . .     Gourm    .   (no shield)
rNeg     + . .     Faith    .   b - +4 chain mail {rF+}
rPois    ∞         Spirit   .   (no helmet)
rElec    +         Reflect  .   (no cloak)
rCorr    .         Harm     .   (no gloves)
MR       .....     NoTele   +   (no boots)
Stlth    ..........             (no amulet)
HPRegen  0.23/turn              (no ring)
MPRegen  0.12/turn              (no ring)

@: no status effects
A: negative energy resistance 1, electricity resistance, unbreathing,
petrification resistance, rot immunity, AC +8
a: Berserk, Trog's Hand, Brothers in Arms, Renounce Religion


You were in the Dungeon.
You worshipped Trog.
Trog was exalted by your worship.
You were hungry.

You visited 1 branch You collected 42 gold pieces.

Inventory:

Hand Weapons
 n - a +5 war axe of flaming (weapon)
 q - a +1 broad axe of freezing
 r - a +6 vampiric battleaxe
Armour
 b - a +4 chain mail of fire resistance (worn)
Jewellery
 a - a +3 ring of evasion
 p - a +3 ring of evasion
 x - an uncursed ring of ice
 y - an uncursed ring of fire
Scrolls
 i - a scroll of blinking
 j - 4 scrolls of fog
 l - 3 scrolls of remove curse
 m - a scroll of summoning
 t - 3 scrolls of enchant armour
 u - 4 scrolls of enchant weapon
 w - a scroll of fear
 A - a scroll of identify
Potions
 d - 8 potions of curing
 e - 18 potions of heal wounds
 f - 3 potions of haste
 g - 4 potions of magic
 h - 3 potions of berserk rage
 k - 2 potions of invisibility
 o - 3 potions of might
 s - 3 potions of brilliance
 v - a potion of agility
 z - 2 potions of resistance
Comestibles
 c - 9 rations


   Skills:
 + Level 15.0 Fighting
 + Level 12.9 Axes
 + Level 14.8 Armour
 + Level 11.8 Dodging


You had 10 spell levels left.
You didn't know any spells.
Your spell library was empty.

Dungeon Overview and Level Annotations

Branches:
Dungeon (1/1)

Altars:
Gozag
Hepliaklqana
Sif Muna
Trog
Jiyva


Innate Abilities, Weirdness & Mutations

You are resistant to torment.
Your stone body is resilient. (AC +8)
You are immune to poison.
You resist negative energy. (rN+)
You are resistant to electric shocks. (rElec)
You can survive without breathing.
You are immune to petrification.
You are immune to rotting.


Message History

You slash something! You burn something. You closely miss something.
Something hits you! Something bites you.
You hit something but do no damage. Something hits you!! Something bites you!
You closely miss something. You barely miss something.
Something hits you but does no damage. Something bites you but does no damage.
You hit something. You burn something. Something hits you.
* * * LOW HITPOINT WARNING * * *
Something bites you but does no damage.
You closely miss something. You closely miss something.
Something hits you but does no damage. Something bites you but does no damage.
You barely miss something. You hit something but do no damage.
Something hits you but does no damage. Something bites you but does no damage.
You miss something. Something hits you but does no damage.
Something bites you but does no damage.
You hit something but do no damage. You closely miss something.
Something hits you!!
You die...

#++########## ........##..#
.#......##..# ........''..#
........''..##########..
.#......##..............
........##......@{......
#''#####################
#''############ ########## #####
#......'(.')..###........###....#
#......'..'.....##......##....###
#.....##..##.....##....##..#.##..
#...###....###....#....#.....#...
#..##........###.###..##.#.#.#...
#')#...#..#...#....#..#......###'


There were no monsters in sight!

Vanquished Creatures
  Urug (D)
  2 sea snakes (D)
  A deep troll (D)
  A cyclops (D)
  A wolf spider (D)
  A smoke demon (D)
  A rust devil (D)
  An orange demon (D)
  A kobold demonologist (D)
  A freezing wraith (D)
  A hellwing (D)
  2 ice devils (D)
  A guardian mummy (D)
  A polar bear (D)
  A troll (D)
  4 dream sheep (D)
  3 redbacks (D)
  A tarantella (D)
  2 fire bats (D)
  A steam dragon (D)
  A neqoxec (D)
  A warg (D)
  A floating eye (D)
  2 ice beasts (D)
  2 necrophages (D)
  A centaur (D)
  A crocodile (D)
  A big kobold (D)
  A crimson imp (D)
  A quasit (D)
  A worker ant (D)
  A mummy (D)
  A gnoll (D)
  2 adders (D)
  A river rat (D)
  A white imp (D)
  An adder skeleton (D)
  2 orcs (D)
  4 ball pythons (D)
  A hobgoblin (D)
  2 jackals (D)
  3 kobolds (D)
  A quokka (D)
  A quokka zombie (D)
62 creatures vanquished.

Vanquished Creatures (collateral kills)
  2 deep elf magi (D)
  A demonic crawler (D)
  An efreet (D)
  A bog body (D)
  A redback (D)
  A spriggan (D)
  An eye of draining (D)
  A big kobold (D)
  A jelly (D)
  A gnoll (D)
11 creatures vanquished.

Grand Total: 73 creatures vanquished

Notes
Turn   | Place    | Note
-------+----------+-------------------------------------------
     0 | D        | Fang the Gargoyle Berserker began the quest for the Orb.
     0 | D        | Reached XP level 1. HP: 14/14 MP: 1/1
    55 | D        | Found a bloodstained altar of Trog.
    55 | D        | Found a shimmering blue altar of Sif Muna.
    55 | D        | Found a viscous altar of Jiyva.
    55 | D        | Found a hazy altar of Hepliaklqana.
    55 | D        | Found an opulent altar of Gozag.
    74 | D        | Reached ** piety under Trog
    76 | D        | Reached XP level 2. HP: 20/20 MP: 2/2
    82 | D        | Noticed a centaur
    83 | D        | Reached skill level 4 in Fighting
    84 | D        | Reached *** piety under Trog
    91 | D        | Killed a centaur
    91 | D        | Reached skill level 5 in Fighting
    91 | D        | Reached skill level 5 in Armour
    91 | D        | Reached XP level 3. HP: 27/27 MP: 3/3
    91 | D        | Reached XP level 4. HP: 32/32 MP: 4/4
   160 | D        | Reached **** piety under Trog
   160 | D        | Reached skill level 6 in Fighting
   160 | D        | Reached skill level 5 in Axes
   289 | D        | Noticed a fire bat
   293 | D        | Reached XP level 5. HP: 36/36 MP: 5/5
   294 | D        | Killed a fire bat
   294 | D        | Reached skill level 7 in Fighting
   294 | D        | Reached skill level 5 in Dodging
   294 | D        | Reached XP level 6. HP: 44/44 MP: 6/6
   337 | D        | Noticed a necrophage
   344 | D        | Killed a necrophage
   344 | D        | Reached ***** piety under Trog
   344 | D        | Reached skill level 8 in Fighting
   408 | D        | Noticed a sea snake
   416 | D        | Killed a sea snake
   416 | D        | Reached skill level 10 in Fighting
   416 | D        | Reached XP level 7. HP: 52/52 MP: 7/7
   416 | D        | Reached XP level 8. HP: 57/57 MP: 8/8
   476 | D        | Received a gift from Trog
   480 | D        | Reached skill level 10 in Armour
   543 | D        | Noticed a dream sheep
   543 | D        | Noticed a dream sheep
   543 | D        | Noticed a dream sheep
   543 | D        | Noticed a dream sheep
   546 | D        | Killed a dream sheep
   548 | D        | Killed a dream sheep
   549 | D        | Killed a dream sheep
   549 | D        | Reached skill level 11 in Fighting
   550 | D        | Received a gift from Trog
   551 | D        | Killed a dream sheep
   551 | D        | Reached XP level 9. HP: 64/64 MP: 9/9
   690 | D        | Noticed a guardian mummy
   702 | D        | Killed a guardian mummy
   702 | D        | Reached skill level 10 in Axes
   810 | D        | Noticed a sea snake
   811 | D        | Noticed a freezing wraith
   821 | D        | Killed a sea snake
   821 | D        | Reached ****** piety under Trog
   821 | D        | Reached skill level 12 in Fighting
   822 | D        | Received a gift from Trog
   822 | D        | Noticed a deep troll
   832 | D        | Killed a freezing wraith
   836 | D        | Killed a deep troll
   836 | D        | Reached XP level 10. HP: 32/72 MP: 10/10
  1019 | D        | Reached skill level 10 in Dodging
  1191 | D        | Noticed an orange demon
  1203 | D        | Killed an orange demon
  1203 | D        | Reached skill level 13 in Fighting
  1237 | D        | Noticed Urug
  1241 | D        | Received a gift from Trog
  1250 | D        | Killed Urug
  1252 | D        | Paralysed by a floating eye for 2 turns
  1480 | D        | Received a gift from Trog
  1505 | D        | Noticed a rust devil
  1505 | D        | Noticed a wolf spider
  1505 | D        | Noticed a kobold demonologist
  1505 | D        | Noticed a smoke demon
  1505 | D        | Noticed a cyclops
  1510 | D        | Killed a wolf spider
  1511 | D        | Killed a rust devil
  1511 | D        | Reached skill level 14 in Fighting
  1512 | D        | Reached XP level 11. HP: 80/80 MP: 11/11
  1521 | D        | Killed a cyclops
  1524 | D        | Noticed a sun demon
  1570 | D        | Noticed a deep elf mage
  1570 | D        | Noticed a deep elf mage
  1586 | D        | Killed a deep elf mage
  1587 | D        | Received a gift from Trog
  1598 | D        | Killed a deep elf mage
  1598 | D        | Received a gift from Trog
  2000 | D        | Reached skill level 15 in Fighting
  2004 | D        | Noticed a vampire knight
  2006 | D        | Paralysed by something for 2 turns
  2021 | D        | Slain by a vampire knight

Levels and vault maps discovered:
D:        pitsprint [storerooms_1, entrance_room_1, metal_vault_4, armoury_3,
          mini_pit_1, grid_room_1, main_hall_1, silver_pit, the_coven_3,
          the_vestibule_1, steel_vault_3, golden_pit, hallway_of_sentries,
          crystal_vault_1, iron_vault_4, final_vault]

Skill      XL: |  1  2  3  4  5  6  7  8  9 10 11 |
---------------+----------------------------------+-----
Axes           | 3 4 5 6 8 9 10 12 | 12.9
Dodging        | 2 3 4 5 7 8 9 11 | 11.8
Armour         | 3 5 7 9 11 12 13 14 | 14.8
Fighting       | 5 6 7 10 11 12 14 15 | 15.0

Action                   |  1- 3 |  4- 6 |  7- 9 | 10-12 || total
-------------------------+-------+-------+-------+-------++-------
Melee: Hand axe          |    18 |    26 |    31 |       ||    75
       War axe           |       |       |    33 |    90 ||   123
Invok: Berserk           |     1 |     3 |     4 |     2 ||    10
       Brothers in Arms  |       |       |       |     2 ||     2
  Eat: Chunk             |       |     1 |     5 |     7 ||    13
Armor: Animal skin       |     5 |     1 |       |       ||     6
       Chain mail        |       |    21 |    27 |    70 ||   118
Dodge: Dodged            |    13 |    20 |    33 |    59 ||   125
